 Seeded DCSS version 0.30.1-4-g462c640d31 (webtiles) character file.

Game seed: 6351066067085065685 (custom seed)

18 Esekla the Grave Robber (level 2, -1/15 HPs)
             Began as a Deep Elf Necromancer on Sept 1, 2023.
             Was an Initiate of Vehumet.
             Slain by an adder (2 damage)
             ... on level 2 of the Dungeon.
             The game lasted 00:06:40 (889 turns).

Esekla the Grave Robber (Deep Elf Necromancer)       Turns: 889, Time: 00:06:40

Health: -1/15      AC:  4    Str:  5    XL:     2   Next: 48%
Magic:  8/8        EV: 12    Int: 19    God:    Vehumet [......]
Gold:   85         SH:  0    Dex: 15    Spells: 6/7 levels left

rFire   . . .        a - +1 short sword (freeze)
rCold   . . .        (no shield)
rNeg    . . .        j - +0 robe
rPois   .            h - +0 helmet
rElec   .            (no cloak)
rCorr   .            c - +0 pair of gloves
SInv    .            (no boots)
Will    .....        (no amulet)
Stlth   ++           (no ring)
HPRegen 0.22/turn    (no ring)
MPRegen 0.11/turn

%: no passive effects
@: no status effects
A: no striking features
a: Renounce Religion


You were on level 2 of the Dungeon.
You worshipped Vehumet.
Vehumet was noncommittal.
You visited 1 branch of the dungeon, and saw 4 of its levels.

You collected 85 gold pieces.

Inventory:

Hand Weapons
 a - a +1 short sword of freezing (weapon)
 s - the +5 rapier of the Hero {heavy, rN+ Dex+3}
   (You found it on level 3 of the Dungeon)

   Dex:       It affects your dexterity (+3).
   rN:        It protects you from negative energy.
Armour
 c - a +0 pair of gloves (worn)
 h - a +0 helmet (worn)
 j - a +0 robe (worn)
Wands
 o - a wand of roots (9)
Scrolls
 f - a scroll of identify {unknown}
 l - a scroll of enchant armour {unknown}
 m - a scroll of amnesia {unknown}
 n - a scroll of immolation {unknown}
Potions
 b - a potion of magic
 d - a potion of ambrosia {unknown}
 e - a potion of curing {unknown}
 g - a potion of heal wounds {unknown}
 i - a potion of mutation {unknown}
 k - a potion of attraction {unknown}


   Skills:
 + Level 0.5 Short Blades
 * Level 2.6 Dodging
 + Level 2.5 Stealth
 * Level 3.1 Spellcasting
 + Level 5.3 Necromancy


You had 6 spell levels left.
You knew the following spells:

 Your Spells              Type           Power      Damage    Failure   Level
a - Necrotise             Necr           92%        1d8       1%          1

Your spell library contained the following spells:

 Spells                   Type           Power      Damage    Failure   Level
 Vampiric Draining        Necr           23%        2d7       4%          3
 Animate Dead             Necr           23%        N/A       17%         4
 Agony                    Necr           23%        N/A       43%         5


Dungeon Overview and Level Annotations

Branches:
Dungeon (4/15)
 Temple: D:4-7

Altars:
Okawaru
Vehumet
Zin

Shops:
D:2 =


Message History

The adder is heavily wounded.
The adder bites you.
You hit the adder but do no damage.
The adder is moderately wounded.
The adder closely misses you. The adder bites you.
You hit the adder. You freeze the adder.
The adder is severely wounded.
The adder bites you.
You closely miss the adder.
The adder is severely wounded.
The adder bites you.
You are poisoned.
The adder poisons you!
You hit the adder but do no damage.
The adder is severely wounded.
You feel sick. The adder barely misses you.
You hit the adder. You freeze the adder.
The adder is almost dead.
You feel sick. The adder bites you.
* * * LOW HITPOINT WARNING * * *
The adder barely misses you.
You closely miss the adder.
The adder is almost dead.
The adder bites you but does no damage.
You closely miss the adder.
The adder is almost dead.
* * * LOW HITPOINT WARNING * * *
You feel sick. The adder bites you but does no damage.
You barely miss the adder.
The adder is almost dead.
* * * LOW HITPOINT WARNING * * *
You feel sick. The adder barely misses you.
The adder bites you but does no damage.
You hit the adder but do no damage.
The adder is almost dead.
* * * LOW HITPOINT WARNING * * *
You feel sick.
You are no longer poisoned.
The adder bites you.
You die...

........>....##..#
#.....###.####.##..#
#..#.# #.# #.##..#
#..#.# ##.# ##.##..#
#..#.# #... ......#
#..#.###..# #......
#..#......# #..####
#...S.....####..####
#..@.?..............
##.#####............
#.#####.####..#####
#.............#
#######.####..# #.#
...# #.# <....#
..####^#... ###
#.#..##


You could see an adder.

Vanquished Creatures
  A dart slug (D:3)
  2 ball pythons
  An endoplasm (D:3)
  3 goblins
  2 hobgoblins (D:3)
  2 bats (D:3)
  2 frilled lizards
  3 kobolds
16 creatures vanquished.

Notes
Turn   | Place    | Note
-------+----------+-------------------------------------------
     0 | D:1      | Esekla the Deep Elf Necromancer began the quest for the
                  | Orb.
     0 | D:1      | Reached XP level 1. HP: 10/10 MP: 6/6
   253 | D:4      | Found a radiant altar of Vehumet.
   264 | D:4      | Found an iron altar of Okawaru.
   276 | D:4      | Found a glowing silver altar of Zin.
   352 | D:4      | Became a worshipper of Vehumet
   439 | D:3      | Reached skill level 5 in Necromancy
   529 | D:3      | Reached XP level 2. HP: 15/15 MP: 8/8
   825 | D:3      | Identified the +5 rapier of the Hero {heavy, rN+ Dex+3}
   845 | D:2      | Found Renulab's Jewellery Shop.
   889 | D:2      | Slain by an adder

Illustrated notes

Levels and vault maps discovered:
D:1:      sevenhm_arrival_forest_fort_small_3, layout_rooms,
          chequers_serial_rivers_room_b, minmay_misc_feat_five
D:2:      layout_loops_ring, dreamdust_ecumenical_altar_angels_and_demons,
          serial_shops, shop
D:3:      layout_basic, grunt_temple_overflow_open, minmay_misc_feat_iff
D:4:      layout_basic, nicolae_overflow_quartered_altars, serial_shops,
          nicolae_diamond_shop

Skill      XL: |  1 |
---------------+----+-----
Necromancy     | 5 |  5.3
Short Blades   | |  0.5
Dodging        | |  2.6
Stealth        | |  2.5
Spellcasting   | |  3.1

Action                     || total
---------------------------++-------
  Melee: Short sword       ||    45
         Unarmed           ||     9
    Use: Scroll            ||     1
   Stab: Sleeping          ||     5
 Armour: Robe              ||    25
  Dodge: Dodged            ||    46
